 Dungeon Crawl Stone Soup version 0.21.1-1-g345015f (webtiles) character file.

25 Kagorn the Skirmisher (level 3, 0/34 HPs)
             Began as a Naga Fighter on June 22, 2018.
             Slain by a jackal (1 damage)
             ... on level 1 of the Dungeon.
             The game lasted 00:03:30 (556 turns).

Kagorn the Skirmisher (Naga Fighter)                 Turns: 556, Time: 00:03:30

Health: 0/34       AC:  4    Str: 23    XL:     3   Next: 4%
Magic:  3/3        EV:  5    Int:  8    God:
Gold:   28         SH:  9    Dex: 11    Spells: 2/2 levels left

rFire    . . .     SeeInvis +   a - +0 trident
rCold    . . .     Gourm    .   c - +0 shield
rNeg     . . .     Faith    .   b - +0 scale mail
rPois    +         Spirit   .   (no helmet)
rElec    .         Reflect  .   (no cloak)
rCorr    .         Harm     .   (no gloves)
MR       .....                  (no barding)
Stlth    ..........             (no amulet)
HPRegen  0.11/turn              (no ring)
MPRegen  0.08/turn              (no ring)

@: mighty, very slow
A: large, see invisible, deformed body, poison resistance, slowness 2, slow
metabolism 1, spit poison 1, AC +1
a: Spit Poison


You were on level 1 of the Dungeon.
You were not hungry.

You visited 1 branch of the dungeon, and saw 1 of its levels.

You collected 28 gold pieces.

Inventory:

Hand Weapons
 a - a +0 trident (weapon)
 i - a +0 hunting sling
Missiles
 j - 26 stones (quivered)
Armour
 b - a +0 scale mail (worn)
 c - a +0 shield (worn)
 h - a +0 buckler
Jewellery
 k - a +3 ring of intelligence {unknown}
Scrolls
 e - 2 scrolls of identify {unknown}
 g - a scroll of fog {unknown}
Comestibles
 f - a ration


   Skills:
 * Level 3.4 Fighting
 * Level 2.5 Polearms
 + Level 2.5 Armour
 + Level 1.3 Stealth
 + Level 2.5 Shields


You had 2 spell levels left.
You didn't know any spells.

Dungeon Overview and Level Annotations

Branches:
Dungeon (1/15)

Altars:


Innate Abilities, Weirdness & Mutations

You cannot wear boots.
Your serpentine skin is tough. (AC +1)
You have supernaturally acute eyesight. (SInv)
Armour fits poorly on your strangely shaped body.
Your system is resistant to poisons. (rPois)
You cover ground very slowly.
You have a slow metabolism.
You can spit poison.


Message History

You barely miss the jackal. The jackal bites you.
* * * LOW HITPOINT WARNING * * *
You block the jackal's attack.
The jackal bites you but does no damage. x2
You closely miss the jackal.
The jackal bites you but does no damage. x2
You block the jackal's attack. The jackal bites you.
* * * LOW HITPOINT WARNING * * *
You block the jackal's attack.
You hit the jackal but do no damage.
The jackal bites you but does no damage. x2
The jackal bites you.
* * * LOW HITPOINT WARNING * * *
The jackal completely misses you.
The jackal bites you but does no damage. x2
You feel very mighty all of a sudden. You block the jackal's attack.
The jackal bites you but does no damage.
The jackal bites you.
You die...

#...........##......##........
#...................##........
..........#...................
..............................
..........#...........$†......
.....#.#......................
.......#.#....................
.........##....##h..#.........
...............+@h..#.........
÷.......#.#....##h..#.......(.
.......##.... ...............
.......# .............##
.......# ..............
........ ..##........ ........
... ####..... ........ ...
....= ........


You could see 3 jackals.

Vanquished Creatures
  A leopard gecko (D:1)
  2 ball pythons (D:1)
  3 goblins (D:1)
  3 hobgoblins (D:1)
  6 jackals (D:1)
  A frilled lizard (D:1)
  3 kobolds (D:1)
  A rat (D:1)
20 creatures vanquished.

Notes
Turn   | Place    | Note
-------+----------+-------------------------------------------
     0 | D:1      | Kagorn the Naga Fighter began the quest for the Orb.
     0 | D:1      | Reached XP level 1. HP: 21/21 MP: 1/1
    87 | D:1      | Reached XP level 2. HP: 3/28 MP: 2/2
   432 | D:1      | Reached skill level 1 in Stealth
   549 | D:1      | Reached XP level 3. HP: 12/34 MP: 3/3
   555 | D:1      | HP: 1/34 [jackal (2)]
   556 | D:1      | Slain by a jackal

Skill      XL: |  1  2 |
---------------+-------+-----
Stealth        | 1 |  1.3
Fighting       | |  3.4
Polearms       | |  2.5
Armour         | |  2.5
Shields        | |  2.5

Action                   || total
-------------------------++-------
Melee: Trident           ||    58
  Use: Potion            ||     1
Armor: Scale mail        ||    56
Dodge: Dodged            ||    28
Block: Shield            ||    59
